[Event "Titled Tuesday Blitz September 28 2021"]
[White "Salinas Herrera, Pablo"]
[Black "Wadsworth, Matthew J"]
[WhiteFideId "3407128"]
[BlackFideId "415804"]
[WhiteElo "2541"]
[BlackElo "2293"]
[Result "0-1"]
[Round "04"]
[TimeControl "180+1"]
[Date "2021.09.28"]
[WhiteClock "0:00:14"]
[BlackClock "0:00:10"]

1. e4 c5 2. Nf3 e6 3. d4 cxd4 4. Nxd4 Nc6 5. Nc3 Qc7 6. Be3 a6 7. Qf3 Ne5 8. Qg3 h5 9. O-O-O h4 10. Qh3 b5 11. f4 Nc4 12. Bxc4 Qxc4 13. f5 Bb7 14. fxe6 dxe6 15. Rhf1 Nf6 16. Nb3 Bb4 17. Bd4 Bxc3 18. Bxc3 Bxe4 19. Rf2 Bf5 20. Rxf5 exf5 21. Re1+ Kf8 22. Qxf5 Re8 23. Rd1 Rh5 24. Qf3 Qe4 25. Qf1 Rf5 26. Qh1 Rf2 27. Nd4 Nd5 28. Re1 Qxg2 29. Rxe8+ Kxe8 30. Qe1+ Kf8 31. Qe5 Rf1+ 32. Be1 Kg8 33. Kd1 Qf2 34. Qe8+ Kh7 35. Qe4+ g6 36. h3 Ne3+ 0-1


[Site "https://www.chess.com"]

[Event "Titled Tuesday Blitz September 28 2021"]
[White "Saya, Ethan"]
[Black "Bach, Ngoc Thuy Duong"]
[WhiteFideId "26095181"]
[BlackFideId "12408956"]
[WhiteElo "2217"]
[BlackElo "1896"]
[Result "0-1"]
[Round "04"]
[TimeControl "180+1"]
[Date "2021.09.28"]
[WhiteClock "0:01:19"]
[BlackClock "0:01:04"]

1. e4 c5 2. Nc3 d6 3. d4 cxd4 4. Qxd4 a6 5. b3 Nc6 6. Qd2 Nf6 7. Bb2 e6 8. O-O-O Be7 9. f3 Qc7 10. Kb1 b5 11. g4 Bb7 12. h4 Nd7 13. Bh3 Nc5 14. g5 b4 15. Nce2 e5 16. Ng3 g6 17. h5 a5 18. N1e2 a4 19. f4 Qa5 20. fxe5 axb3 21. axb3 Qa2+ 22. Kc1 Nxe5 23. Qxb4 Bxg5+ 24. Rd2 Ncd3+ 25. cxd3 Nxd3+ 26. Kd1 Nxb4 27. Bxh8 Qxd2# 0-1


[Site "https://www.chess.com"]

[Event "Titled Tuesday Blitz September 28 2021"]
[White "Sethuraman, S.P."]
[Black "Avramidou, Anastasia"]
[WhiteFideId "5021596"]
[BlackFideId "4239873"]
[WhiteElo "2477"]
[BlackElo "2183"]
[Result "1-0"]
[Round "04"]
[TimeControl "180+1"]
[Date "2021.09.28"]
[WhiteClock "0:00:28"]
[BlackClock "0:00:02"]

1. d4 Nf6 2. c4 e6 3. Nf3 d5 4. Nc3 a6 5. c5 b6 6. cxb6 cxb6 7. Bf4 Bd6 8. Bxd6 Qxd6 9. e3 O-O 10. Bd3 b5 11. O-O Nbd7 12. Rc1 Bb7 13. Bb1 Rfc8 14. Qd3 g6 15. Ne2 Rxc1 16. Rxc1 Rc8 17. Rxc8+ Bxc8 18. Qc3 Bb7 19. Ne5 b4 20. Qb3 a5 21. Nd3 Ba6 22. f3 Nb6 23. Qc2 Nfd7 24. b3 h5 25. Nef4 Kg7 26. Nc5 Nxc5 27. dxc5 Qe5 28. Qc1 Nc8 29. Kf2 d4 30. e4 Ne7 31. Bd3 Bxd3 32. Nxd3 Qxh2 33. Qc4 Nc6 34. Qc1 h4 35. Nf4 Qg3+ 36. Kf1 Qh2 37. Nh3 Qg3 38. Qc4 Qe5 39. Nf2 Qg3 40. Qa6 Qc7 41. Qb6 Qxb6 42. cxb6 Kf6 43. Nd3 Ke7 44. e5 Kd7 45. f4 Kc8 46. Nc5 Nd8 47. Ke2 Nb7 48. Ne4 Kd7 49. Ng5 Nd8 50. Nf3 Kc6 51. Kd3 Kxb6 52. Kxd4 Nc6+ 53. Ke4 Nd8 54. Nxh4 Kc5 55. Nf3 Kb5 56. Kd4 a4 57. Ng5 axb3 58. axb3 Nc6+ 59. Kd3 Nd8 60. Ne4 Nb7 61. Kd4 Na5 62. Nd6+ Kc6 63. Nxf7 Nxb3+ 64. Kc4 Nd2+ 65. Kxb4 Kd5 66. Kc3 Nf1 67. Kd3 Ng3 68. Ng5 Nh5 69. Ke3 Ng7 70. g4 Ne8 71. Ne4 Ng7 72. Nf6+ Kc5 73. Ng8 Kc6 74. Ne7+ Kd7 75. Nxg6 Ke8 76. Ke4 Kf7 77. Nh4 Ne8 78. Nf3 Ke7 79. f5 Nc7 80. f6+ Kf7 81. g5 Kg6 82. Kf4 Nd5+ 83. Ke4 Nc7 84. Kd4 Nd5 85. Kc5 Nf4 86. Kd6 Kf7 87. Nd4 Nd3 88. Nxe6 Nf2 89. Nf4 Ne4+ 90. Kd7 Nxg5 91. Nd5 Kg6 92. e6 Ne4 93. e7 Nc5+ 94. Kc6 1-0


[Site "https://www.chess.com"]

[Event "Titled Tuesday Blitz September 28 2021"]
[White "Shahade, Gregory"]
[Black "Nesterov, Arseniy"]
[WhiteFideId "2009064"]
[BlackFideId "24198455"]
[WhiteElo "2565"]
[BlackElo "2494"]
[Result "0-1"]
[Round "04"]
[TimeControl "180+1"]
[Date "2021.09.28"]
[WhiteClock "0:00:13"]
[BlackClock "0:00:06"]

1. e4 e5 2. Nf3 Nc6 3. Bb5 a6 4. Ba4 b5 5. Bb3 Na5 6. O-O d6 7. d4 exd4 8. Nxd4 Bb7 9. Bd2 Nxb3 10. Nxb3 Rb8 11. Re1 Nf6 12. Nc3 Be7 13. a4 b4 14. Nd5 Nxd5 15. exd5 Bxd5 16. Bg5 Be6 17. Bxe7 Qxe7 18. Nd4 Qf6 19. Nxe6 fxe6 20. Qh5+ Kd7 21. Re3 Rbf8 22. Rf1 Qf5 23. Qe2 a5 24. Re1 Rf6 25. Rf3 Qd5 26. Rxf6 gxf6 27. Qg4 Re8 28. Qg7+ Re7 29. Qxf6 Qc6 30. Qg5 d5 31. Qf4 Qxa4 32. c4 Qc6 33. cxd5 exd5 34. Qf5+ Kd8 35. Qg5 Qd6 36. Qg8+ Kd7 37. Qg4+ Kd8 38. Qg8+ Kd7 39. Rd1 c6 40. Qa8 Qc7 41. Qg8 Qb6 42. Qg4+ Kc7 43. Qf4+ Kb7 44. Qd6 Qc7 45. Qc5 Re4 46. Ra1 Rc4 47. Qf8 Qb6 48. Qg7+ Ka6 49. Qxh7 Qd4 50. Qc7 Qc5 51. Qc8+ Ka7 52. Qc7+ Ka6 53. Qc8+ Kb5 54. Qb7+ Qb6 55. Qa8 Rc2 56. b3 Qxf2+ 57. Kh1 Qxg2# 0-1


[Site "https://www.chess.com"]

[Event "Titled Tuesday Blitz September 28 2021"]
[White "Shtembuliak, Evgeny"]
[Black "Zhalmakhanov, Ramazan"]
[WhiteFideId "14113325"]
[BlackFideId "13706357"]
[WhiteElo "2504"]
[BlackElo "2531"]
[Result "1-0"]
[Round "04"]
[TimeControl "180+1"]
[Date "2021.09.28"]
[WhiteClock "0:00:13"]
[BlackClock "0:00:02"]

1. e4 c5 2. Nc3 a6 3. g3 b5 4. Bg2 Bb7 5. Nge2 e6 6. d4 b4 7. Na4 cxd4 8. Nxd4 Nf6 9. Qe2 Nc6 10. Nb3 a5 11. Nbc5 Bxc5 12. Nxc5 Qc7 13. Bf4 e5 14. Nxb7 Nd4 15. Qd3 Nxc2+ 16. Kd2 Qxb7 17. Bxe5 Nxa1 18. Bd6 Ra6 19. Rxa1 Qc6 20. Rc1 Qxd6 21. Rc8+ Ke7 22. Rxh8 Qe6 23. Ke2 Rd6 24. Qc2 Ng4 25. Rc8 Ne5 26. Rc5 Nc6 27. Qc4 Qg4+ 28. Bf3 Qe6 29. Qxe6+ dxe6 30. Ke3 e5 31. Be2 a4 32. Bc4 Nd4 33. Rc7+ Kf6 34. Rxf7+ Kg6 35. Rf8 Nc2+ 36. Kf3 a3 37. bxa3 bxa3 38. h4 Nd4+ 39. Kg4 Rc6 40. Bd5 h5+ 41. Kh3 Rc2 42. f4 Nf3 43. g4 exf4 44. gxh5+ Kxh5 45. Bf7+ Kh6 46. Rh8# 1-0


[Site "https://www.chess.com"]

[Event "Titled Tuesday Blitz September 28 2021"]
[White "Sihite, Chelsie Monica Ignesias"]
[Black "Parkhov, Yair"]
[WhiteFideId "7101198"]
[BlackFideId "2813408"]
[WhiteElo "2224"]
[BlackElo "2131"]
[Result "0-1"]
[Round "04"]
[TimeControl "180+1"]
[Date "2021.09.28"]
[WhiteClock "0:01:16"]
[BlackClock "0:01:13"]

1. c4 Nf6 2. Nf3 g6 3. g3 Bg7 4. Bg2 O-O 5. O-O d6 6. d4 Nbd7 7. Nc3 e5 8. dxe5 dxe5 9. Bg5 h6 10. Bxf6 Qxf6 11. Nd5 Qd8 12. Rc1 c6 13. Ne3 Nc5 14. b4 Ne6 15. Qb3 e4 16. Rfd1 Qe7 17. Ne1 Nd4 18. Rxd4 Bxd4 19. N1c2 Bg7 20. b5 Rd8 21. bxc6 bxc6 22. Qa4 Bd7 23. Qa6 Be8 24. Rb1 Rab8 25. Rb3 Rxb3 26. axb3 h5 27. b4 h4 28. c5 f5 29. Nc4 Rd1+ 30. Bf1 f4 31. gxf4 Qe6 32. N2e3 Rc1 33. f5 gxf5 34. Nd6 f4 35. Nxe8 fxe3 36. Nxg7 Qg4+ 37. Kh1 Rxf1# 0-1


[Site "https://www.chess.com"]

[Event "Titled Tuesday Blitz September 28 2021"]
[White "Siva Mahadevan"]
[Black "Sjugirov, Sanan"]
[WhiteFideId "25043153"]
[BlackFideId "4189302"]
[WhiteElo "2203"]
[BlackElo "2654"]
[Result "1-0"]
[Round "04"]
[TimeControl "180+1"]
[Date "2021.09.28"]
[WhiteClock "0:01:38"]
[BlackClock "0:00:03"]

1. e4 e5 2. Nf3 Nc6 3. Bb5 a6 4. Ba4 Nf6 5. O-O b5 6. Bb3 Bb7 7. d3 Bc5 8. a3 O-O 9. Nc3 h6 10. Be3 Bxe3 11. fxe3 d6 12. Qe1 Bc8 13. Qg3 Be6 14. Nd5 Bxd5 15. exd5 Nb8 16. Nh4 Kh7 17. Rf3 Nbd7 18. Raf1 e4 19. R3f2 Qe8 20. Nf5 g6 21. Nd4 Nh5 22. Qh3 Nc5 23. g4 Ng7 24. dxe4 Nxe4 25. Rf4 Nd2 26. R1f2 Nxb3 27. Nxb3 Qe7 28. Nd4 Rae8 29. e4 Qe5 30. c3 Qg5 31. Qg3 Kg8 32. Nc6 f5 33. h4 Qf6 34. gxf5 gxf5 35. Rxf5 1-0


[Site "https://www.chess.com"]

[Event "Titled Tuesday Blitz September 28 2021"]
[White "Solon, Nathan"]
[Black "Kokoszczynski, Jan"]
[WhiteFideId "2017229"]
[BlackFideId "1174460"]
[WhiteElo "2671"]
[BlackElo "2128"]
[Result "1-0"]
[Round "04"]
[TimeControl "180+1"]
[Date "2021.09.28"]
[WhiteClock "0:00:36"]
[BlackClock "0:00:06"]

1. d4 g6 2. e4 Bg7 3. Nc3 d6 4. Be3 a6 5. Qd2 b5 6. Bd3 Bb7 7. Nf3 Nd7 8. a4 c6 9. O-O e5 10. dxe5 dxe5 11. Rfd1 Ngf6 12. Bh6 O-O 13. h3 Qe7 14. Ne2 Nc5 15. Bxg7 Kxg7 16. Ng3 h6 17. Nh4 Qe6 18. Nhf5+ gxf5 19. Nxf5+ Kg8 20. Qxh6 Ne8 21. Qg5+ Kh7 22. Qh5+ Kg8 23. Qg5+ Kh7 24. Qh5+ Kg8 25. Ra3 b4 26. Bc4 bxa3 27. Bxe6 Nxe6 28. bxa3 N8g7 29. Qh6 Nxf5 30. exf5 Rad8 31. Rb1 Nc5 32. f6 Ne6 33. Rxb7 Rd1+ 34. Kh2 Rfd8 35. Re7 Rh1+ 36. Kxh1 Rd1+ 37. Kh2 Rh1+ 38. Kxh1 a5 1-0


[Site "https://www.chess.com"]

[Event "Titled Tuesday Blitz September 28 2021"]
[White "Stoyanov, Tsvetan"]
[Black "Kaminski, Victor"]
[WhiteFideId "2917173"]
[BlackFideId "1131630"]
[WhiteElo "2191"]
[BlackElo "2181"]
[Result "1-0"]
[Round "04"]
[TimeControl "180+1"]
[Date "2021.09.28"]
[WhiteClock "0:00:53"]
[BlackClock "0:00:05"]

1. e4 e5 2. Nf3 Nc6 3. d4 exd4 4. Nxd4 Qh4 5. Nb5 Qxe4+ 6. Be2 Kd8 7. O-O a6 8. N1c3 Qg6 9. Nd4 Nxd4 10. Qxd4 Nf6 11. Bf4 d6 12. Rad1 Be7 13. Bf3 Re8 14. Qb4 Rb8 15. Be3 Bd7 16. Ba7 d5 17. Qb3 Rc8 18. Qxb7 Bd6 19. Nxd5 Nxd5 20. Rxd5 h6 21. c4 c6 22. Bb6+ Ke7 23. Rdd1 Rb8 24. Rfe1+ Kf8 25. Qxd7 Rxe1+ 26. Rxe1 Rxb6 27. Re8# 1-0


[Site "https://www.chess.com"]

[Event "Titled Tuesday Blitz September 28 2021"]
[White "Stribuk, Artiom"]
[Black "Di Nicolantonio, Lucas"]
[WhiteFideId "13515659"]
[BlackFideId "680460"]
[WhiteElo "2224"]
[BlackElo "2381"]
[Result "0-1"]
[Round "04"]
[TimeControl "180+1"]
[Date "2021.09.28"]
[WhiteClock "0:00:04"]
[BlackClock "0:00:18"]

1. d4 d5 2. c4 e6 3. Nf3 Nf6 4. g3 dxc4 5. Bg2 Nc6 6. O-O Rb8 7. e3 Be7 8. Nfd2 e5 9. Bxc6+ bxc6 10. dxe5 Ng4 11. Nxc4 h5 12. f3 Be6 13. Nbd2 Qd3 14. b3 h4 15. fxg4 hxg3 16. Nf3 Qe4 17. hxg3 Bxg4 18. Qe2 Qh7 19. Qh2 Bh3 20. Rf2 Qd3 21. Bd2 Rh6 22. e4 Rh7 23. Re1 Bf5 24. Qg2 Bxe4 25. Re3 Qd5 26. Be1 Bc5 27. Rfe2 Bxf3 28. Qxf3 Qxf3 0-1


[Site "https://www.chess.com"]

[Event "Titled Tuesday Blitz September 28 2021"]
[White "Svane, Rasmus"]
[Black "Babazada, Khazar"]
[WhiteFideId "4657101"]
[BlackFideId "13413554"]
[WhiteElo "2643"]
[BlackElo "2315"]
[Result "0-1"]
[Round "04"]
[TimeControl "180+1"]
[Date "2021.09.28"]
[WhiteClock "0:00:01"]
[BlackClock "0:00:05"]

1. Nf3 Nf6 2. g3 g6 3. Bg2 Bg7 4. O-O O-O 5. d4 d6 6. Re1 Na6 7. e4 c5 8. d5 Bg4 9. a4 c4 10. h3 Bxf3 11. Bxf3 Nd7 12. Bg2 Rc8 13. Qe2 Qb6 14. c3 Nac5 15. Be3 Qa6 16. Nd2 Nd3 17. Reb1 N7c5 18. Bd4 e5 19. dxe6 fxe6 20. f4 e5 21. fxe5 Bxe5 22. Bxe5 dxe5 23. Nf3 Nb3 24. Ra3 Qd6 25. Rd1 Rcd8 26. Kh2 Nbc5 27. Rd2 Rf6 28. Ra1 Rdf8 29. Qe3 Nb3 30. Rad1 Nxd2 31. Rxd2 Qe7 32. b3 Qc5 33. Qxc5 Nxc5 34. bxc4 Rxf3 35. Bxf3 Rxf3 36. Rd5 Nxe4 37. Rxe5 Nxc3 38. Re7 Rf7 39. Re8+ Kg7 40. a5 Rc7 41. c5 Rxc5 42. Re7+ Kh6 43. Rxb7 Rxa5 44. g4 Ne4 45. h4 g5 46. h5 Nf6 47. Rb4 Re5 48. Rc4 Re4 49. Rc6 Rxg4 50. Rxf6+ Kxh5 51. Rf7 h6 52. Rxa7 Rb4 53. Ra6 Rb3 54. Rc6 g4 55. Kg2 Kg5 56. Rc1 h5 57. Rc5+ Kh4 58. Rc2 Re3 59. Rd2 Re5 60. Rc2 Kg5 61. Rc8 Kf4 62. Rc4+ Re4 63. Rc2 h4 64. Rf2+ Kg5 65. Ra2 Rf4 66. Re2 h3+ 67. Kg3 Rf3+ 68. Kh2 Kh4 69. Re8 Rf2+ 70. Kg1 Ra2 71. Re3 g3 72. Re4+ Kg5 73. Re5+ Kf4 74. Re1 Kg4 75. Kh1 Rf2 76. Rb1 Re2 77. Rb4+ Kf3 78. Rb1 Rd2 79. Ra1 Rf2 80. Ra3+ Kg4 81. Ra4+ Rf4 82. Ra1 Re4 83. Rb1 Kf3 84. Rf1+ Kg4 85. Ra1 Rf4 86. Rb1 g2+ 87. Kh2 Rf1 88. Rb4+ Kf5 89. Rb5+ Ke6 90. Rb6+ Kd7 0-1


[Site "https://www.chess.com"]

[Event "Titled Tuesday Blitz September 28 2021"]
[White "Sychev, Klementy"]
[Black "Lashkin, Jegor"]
[WhiteFideId "4114060"]
[BlackFideId "13907808"]
[WhiteElo "2615"]
[BlackElo "2293"]
[Result "1-0"]
[Round "04"]
[TimeControl "180+1"]
[Date "2021.09.28"]
[WhiteClock "0:00:05"]
[BlackClock "0:00:01"]

1. e4 c5 2. Nf3 d6 3. d4 cxd4 4. Nxd4 Nf6 5. Nc3 a6 6. Be2 e5 7. Nb3 Be7 8. Be3 Be6 9. h4 O-O 10. Bf3 Nbd7 11. g4 Nb6 12. g5 Nfd7 13. Qe2 Nc4 14. O-O-O Nxe3 15. fxe3 b5 16. Bg4 b4 17. Nd5 Bxd5 18. exd5 a5 19. Qb5 a4 20. Bxd7 axb3 21. axb3 Ra5 22. Qb7 Rc5 23. Bc6 f6 24. Qxb4 fxg5 25. hxg5 Bxg5 26. Qe4 g6 27. b4 Rxc6 28. dxc6 Qb6 29. Rh3 Qa6 30. Qd5+ Kg7 31. c3 Qa1+ 32. Kc2 Qa4+ 33. Kb1 Rf2 34. Rc1 Bf6 35. Qxd6 Qb3 36. Qd7+ Kf8 37. Qc8+ Kf7 38. Rxh7+ Bg7 39. Qd7+ Kf6 40. Qxg7+ Kg5 41. Qxe5+ Kg4 42. Qe4+ Kg5 43. Qh4+ Kf5 44. Qxf2+ 1-0


[Site "https://www.chess.com"]

[Event "Titled Tuesday Blitz September 28 2021"]
[White "Tanenbaum, Zachary"]
[Black "Sokolovsky, Yahli"]
[WhiteFideId "2060850"]
[BlackFideId "2820242"]
[WhiteElo "2165"]
[BlackElo "1770"]
[Result "0-1"]
[Round "04"]
[TimeControl "180+1"]
[Date "2021.09.28"]
[WhiteClock "0:00:04"]
[BlackClock "0:00:09"]

1. e4 g6 2. d4 Bg7 3. Nc3 d6 4. Bg5 c5 5. Nf3 cxd4 6. Nxd4 Qa5 7. Bb5+ Bd7 8. Bxd7+ Nxd7 9. Be3 Ngf6 10. O-O O-O 11. f4 Rac8 12. Qf3 Rfe8 13. Rae1 Qh5 14. Qxh5 Nxh5 15. g3 Nhf6 16. h3 a6 17. Rf2 e5 18. Nf3 Nh5 19. Kg2 exf4 20. gxf4 Bxc3 21. bxc3 Rxc3 22. Bd4 Nxf4+ 23. Kg3 Nh5+ 24. Kh2 Rc4 25. c3 Ne5 26. Nd2 Rc7 27. Ref1 Ng7 28. Nb3 Ne6 29. Kg3 Nxd4 30. cxd4 Nc4 31. Re1 Rce7 32. Rfe2 f5 33. Kf4 b5 34. e5 dxe5+ 35. dxe5 Rd7 36. e6 Rde7 37. Nd4 Rc8 38. Kg5 Kg7 39. Rg1 h6+ 40. Kf4 Kf6 41. h4 Nd6 42. Reg2 Rg7 43. Re2 Ne4 44. h5 g5+ 45. Ke3 Rc3# 0-1


[Site "https://www.chess.com"]

[Event "Titled Tuesday Blitz September 28 2021"]
[White "Tang, Andrew"]
[Black "Savchenko, Boris"]
[WhiteFideId "2059630"]
[BlackFideId "4147332"]
[WhiteElo "2588"]
[BlackElo "2543"]
[Result "1-0"]
[Round "04"]
[TimeControl "180+1"]
[Date "2021.09.28"]
[WhiteClock "0:00:12"]
[BlackClock "0:00:06"]

1. d4 Nf6 2. c4 g6 3. f3 d5 4. cxd5 Nxd5 5. e4 Nb6 6. Nc3 Bg7 7. Be3 Nc6 8. d5 Ne5 9. f4 Ng4 10. Bb5+ Bd7 11. Bd4 Bxd4 12. Qxd4 O-O 13. Be2 Nf6 14. O-O-O c6 15. d6 exd6 16. Qxd6 Bg4 17. Qe5 Nbd7 18. Qg5 Bxe2 19. Ngxe2 Qb6 20. Kb1 Qe3 21. Ng3 Rfd8 22. Nf5 Qc5 23. e5 Nh5 24. g4 Ng7 25. Ne4 Qb4 26. Ned6 gxf5 27. gxf5 Nf8 28. Rhg1 Ng6 29. fxg6 fxg6 30. f5 Rxd6 31. exd6 Qe4+ 32. Ka1 Qxf5 33. Qe7 Qf7 34. Rgf1 Nf5 35. Qc7 Qe8 36. d7 Qd8 37. Qxb7 c5 38. Qxa8 1-0


[Site "https://www.chess.com"]

[Event "Titled Tuesday Blitz September 28 2021"]
[White "Terry, Renato"]
[Black "Skatchkov, Valery"]
[WhiteFideId "3803457"]
[BlackFideId "24195812"]
[WhiteElo "2577"]
[BlackElo "2195"]
[Result "1-0"]
[Round "04"]
[TimeControl "180+1"]
[Date "2021.09.28"]
[WhiteClock "0:00:29"]
[BlackClock "0:00:02"]

1. e4 e5 2. Nf3 Nf6 3. Nxe5 d6 4. Nxf7 Kxf7 5. d4 Qe8 6. Nc3 Nc6 7. f3 d5 8. Bb5 Be6 9. O-O g6 10. exd5 Bxd5 11. Bg5 Qd7 12. Ne4 Bg7 13. Nc5 Qf5 14. Be3 a6 15. Bd3 Qc8 16. c4 Be6 17. d5 Bd7 18. dxc6 Bxc6 19. Qc2 Re8 20. Rae1 Kg8 21. Nb3 b6 22. Nd4 Bb7 23. c5 Rxe3 24. Rxe3 Nd5 25. Re4 Nb4 26. Qc4+ Nd5 27. c6 b5 28. cxb7 Qxb7 29. Qc5 Rd8 30. Ne6 Nf6 31. Nxd8 Nxe4 32. Nxb7 Nxc5 33. Nxc5 Bd4+ 34. Kh1 1-0


[Site "https://www.chess.com"]

[Event "Titled Tuesday Blitz September 28 2021"]
[White "Thejkumar, M. S."]
[Black "Pridorozhni, Aleksei"]
[WhiteFideId "5009154"]
[BlackFideId "4127870"]
[WhiteElo "2312"]
[BlackElo "2565"]
[Result "0-1"]
[Round "04"]
[TimeControl "180+1"]
[Date "2021.09.28"]
[WhiteClock "0:00:04"]
[BlackClock "0:00:44"]

1. d4 d5 2. c4 e6 3. Nc3 c6 4. Nf3 Nf6 5. g3 dxc4 6. Bg2 b5 7. O-O Bb7 8. e4 Be7 9. a4 a6 10. e5 Nd5 11. Ne4 h6 12. h4 Nd7 13. h5 c5 14. Qe2 cxd4 15. Nxd4 Qb6 16. Nf3 Nc5 17. Nd6+ Bxd6 18. exd6 Qxd6 19. axb5 axb5 20. Rxa8+ Bxa8 21. Nd4 Qd7 22. Nf5 Kf8 23. Be3 Nd3 24. Ra1 Bb7 25. Nd4 e5 26. Nc2 f6 27. Ra7 Kf7 28. Qf3 Rd8 29. Qe4 Kf8 30. Qg6 Ra8 31. Rxb7 Qxb7 32. Qh7 Rb8 33. Be4 b4 34. Nxb4 N3xb4 35. Bc5+ Ke8 36. Qg8+ Kd7 37. Qf7+ Kc6 0-1


[Site "https://www.chess.com"]

[Event "Titled Tuesday Blitz September 28 2021"]
[White "Tologon tegin, Semetei"]
[Black "Perez Ponsa, Federico"]
[WhiteFideId "13800574"]
[BlackFideId "117927"]
[WhiteElo "2224"]
[BlackElo "2672"]
[Result "1-0"]
[Round "04"]
[TimeControl "180+1"]
[Date "2021.09.28"]
[WhiteClock "0:00:13"]
[BlackClock "0:00:23"]

1. d4 Nf6 2. c4 e6 3. Nc3 Bb4 4. e3 O-O 5. Ne2 Re8 6. a3 Bf8 7. Ng3 d6 8. Bd3 Nbd7 9. O-O e5 10. f4 exd4 11. exd4 d5 12. c5 b6 13. b4 a5 14. Rb1 axb4 15. axb4 bxc5 16. bxc5 Nxc5 17. dxc5 Bxc5+ 18. Kh1 Ng4 19. Qf3 c6 20. h3 Qh4 21. f5 Ne5 22. Re1 Nxf3 23. Rxe8+ Bf8 24. Nce2 Nd4 25. Bf4 Nxe2 26. Nxe2 Qf6 27. Be5 Qh6 28. Bf4 Qh4 29. Bd6 h5 30. Rxf8+ Kh7 31. f6+ Kh6 32. Bf4+ Qxf4 33. Nxf4 Kg5 34. fxg7 1-0


[Site "https://www.chess.com"]

[Event "Titled Tuesday Blitz September 28 2021"]
[White "Topalov, Aleksandar"]
[Black "Atabayev, Maksat"]
[WhiteFideId "925659"]
[BlackFideId "14001101"]
[WhiteElo "2179"]
[BlackElo "2457"]
[Result "0-1"]
[Round "04"]
[TimeControl "180+1"]
[Date "2021.09.28"]
[WhiteClock "0:00:03"]
[BlackClock "0:00:06"]

1. b3 Nf6 2. Bb2 g6 3. Bxf6 exf6 4. c4 Bg7 5. Nc3 f5 6. e3 O-O 7. Nge2 f4 8. Nxf4 d6 9. Be2 Nc6 10. d4 Ne7 11. O-O c5 12. Nfd5 cxd4 13. exd4 Nc6 14. Bg4 f5 15. Bf3 Nxd4 16. Re1 Be6 17. Rc1 Bf7 18. Ne7+ Kh8 19. Bxb7 Rb8 20. Bd5 Re8 21. Bxf7 Rxe7 22. Bd5 Re5 23. Ne2 Nxe2+ 24. Rxe2 Qg5 25. Rxe5 Bxe5 26. Rc2 Qh4 27. g3 Qg5 28. Re2 f4 29. Qe1 Rc8 30. Re4 h5 31. Qe2 Rf8 32. Qd3 h4 33. Qf3 hxg3 34. hxg3 Kg7 35. g4 Rh8 36. Kf1 Rh2 37. Ke2 Qd8 38. Qd3 Qa5 39. a3 Qc5 40. Qf3 Qxa3 41. Rxe5 dxe5 42. c5 Qxc5 43. Bc4 Qd4 44. Qb7+ Kh6 45. g5+ Kxg5 46. Qe7+ Kh6 47. Qf8+ Kg5 48. Qe7+ Kg4 49. Be6+ Kh5 50. Qh7+ Kg5 51. Qe7+ Kh6 52. Qf8+ Kh7 53. Qf7+ Kh6 54. Qf8+ Kh5 55. Qh8+ Kg5 56. Qd8+ Qxd8 0-1


[Site "https://www.chess.com"]

[Event "Titled Tuesday Blitz September 28 2021"]
[White "Vakhlamov, Igor L."]
[Black "Perez Molina, Robinson"]
[WhiteFideId "24126748"]
[BlackFideId "3403882"]
[WhiteElo "2416"]
[BlackElo "2252"]
[Result "1-0"]
[Round "04"]
[TimeControl "180+1"]
[Date "2021.09.28"]
[WhiteClock "0:00:37"]
[BlackClock "0:00:04"]

1. e4 e5 2. Nf3 Nc6 3. Nc3 Nf6 4. Bb5 Nd4 5. Bc4 Nxf3+ 6. gxf3 Bc5 7. Rg1 g6 8. d3 h6 9. f4 d6 10. Qf3 c6 11. fxe5 dxe5 12. Be3 Be7 13. O-O-O h5 14. h3 b5 15. Bb3 a5 16. d4 a4 17. dxe5 axb3 18. Rxd8+ Bxd8 19. cxb3 Nd7 20. e6 fxe6 21. e5 Ra6 22. Qe4 Nf8 23. Bc5 g5 24. Rd1 Rg8 25. Bxf8 Rxf8 26. Qg6+ Ke7 27. Qxg5+ 1-0


[Site "https://www.chess.com"]

[Event "Titled Tuesday Blitz September 28 2021"]
[White "Vlassov, Nikolai"]
[Black "Warmerdam, Max"]
[WhiteFideId "4103360"]
[BlackFideId "1048104"]
[WhiteElo "2407"]
[BlackElo "2537"]
[Result "0-1"]
[Round "04"]
[TimeControl "180+1"]
[Date "2021.09.28"]
[WhiteClock "0:00:31"]
[BlackClock "0:01:11"]

1. e4 c5 2. c3 Nf6 3. e5 Nd5 4. d4 cxd4 5. cxd4 Nc6 6. Nc3 Nxc3 7. bxc3 d6 8. f4 dxe5 9. fxe5 Bf5 10. Nf3 e6 11. Bd3 Bxd3 12. Qxd3 Be7 13. O-O O-O 14. Bd2 Rc8 15. Rf2 Qd5 16. Raf1 Na5 17. Bg5 Ba3 18. Bc1 Bxc1 19. Rxc1 h6 20. Nd2 Nc4 21. Ne4 Nxe5 22. Qe2 Ng6 23. Qe3 Rc6 24. Rf3 e5 25. Rcf1 exd4 26. cxd4 Re6 27. Nc3 Rxe3 28. Nxd5 Rxf3 29. Rxf3 Rd8 30. Nf4 Nxf4 31. Rxf4 f6 32. Kf2 Kf7 33. Ke3 g5 34. Rf5 Ke6 35. Rb5 b6 36. a4 Rd5 37. Ke4 f5+ 38. Kd3 Rxb5 39. axb5 Kd5 40. Kc3 Ke4 41. Kc4 f4 42. h3 h5 43. d5 Ke5 44. d6 Kxd6 45. Kd4 h4 46. Ke4 Ke6 47. Kf3 Kf5 48. Ke2 Ke4 49. Kf2 Ke5 50. Ke2 Kd5 51. Kf3 Kc5 52. Kg4 Kxb5 53. Kxg5 a5 54. Kxh4 a4 55. g4 fxg3 56. Kxg3 a3 0-1


[Site "https://www.chess.com"]

[Event "Titled Tuesday Blitz September 28 2021"]
[White "Vokhidov, Shamsiddin"]
[Black "Molina, Roberto Junio Brito"]
[WhiteFideId "14204223"]
[BlackFideId "2109450"]
[WhiteElo "2616"]
[BlackElo "2402"]
[Result "1-0"]
[Round "04"]
[TimeControl "180+1"]
[Date "2021.09.28"]
[WhiteClock "0:00:42"]
[BlackClock "0:00:38"]

1. e4 c6 2. d4 d5 3. e5 Bf5 4. h4 Qb6 5. a4 h6 6. a5 Qc7 7. g4 Bd7 8. h5 e6 9. c3 c5 10. Nf3 Nc6 11. a6 b6 12. Na3 c4 13. Nb5 Qc8 14. g5 Na5 15. Nd6+ Bxd6 16. exd6 Nb3 17. Ra3 Nxc1 18. Qxc1 Qc6 19. Qf4 hxg5 20. Nxg5 f6 21. Nf3 Nh6 22. Rg1 Nf5 23. Bh3 Rxh5 24. Bg4 Rh7 25. Bxf5 exf5 26. Qe3+ Kf8 27. Qe7+ Kg8 28. Qxf6 Re8+ 29. Ne5 Be6 30. Nxc6 1-0


[Site "https://www.chess.com"]

[Event "Titled Tuesday Blitz September 28 2021"]
[White "Vrencian, Lehel"]
[Black "Visakh N R"]
[WhiteFideId "1230999"]
[BlackFideId "25012223"]
[WhiteElo "2058"]
[BlackElo "2454"]
[Result "1-0"]
[Round "04"]
[TimeControl "180+1"]
[Date "2021.09.28"]
[WhiteClock "0:00:25"]
[BlackClock "0:00:08"]

1. e4 c6 2. d4 d5 3. exd5 cxd5 4. c4 Nf6 5. Nc3 e6 6. Nf3 Bb4 7. Bd3 dxc4 8. Bxc4 O-O 9. O-O b6 10. a3 Bxc3 11. bxc3 Bb7 12. Qd3 Qc7 13. Bb3 Nc6 14. Bg5 Ne7 15. Ne5 Ne4 16. Bxe7 Qxe7 17. Rfe1 Nf6 18. a4 Nd7 19. Bc2 g6 20. Ng4 Qg5 21. Qg3 h5 22. Ne3 Qxg3 23. hxg3 Rfc8 24. c4 Nb8 25. a5 bxa5 26. Reb1 Bc6 27. d5 exd5 28. cxd5 Bxd5 29. Bxg6 fxg6 30. Nxd5 Nc6 31. Rb7 Rab8 32. Nf6+ Kf8 33. Nd7+ Ke8 34. Nxb8 Rxb8 35. Rxb8+ Nxb8 36. Rxa5 Nc6 37. Rg5 Ne7 38. f4 Kd7 39. Kf2 Kc6 40. g4 hxg4 41. Rxg4 Kb5 42. Rg5+ Kb4 43. Re5 Nc6 44. Re6 Nd4 45. Rxg6 a5 46. Ra6 a4 47. g4 Kb5 48. Ra8 Nc6 49. g5 Na5 50. g6 a3 51. Rb8+ Ka4 52. Rb1 Nb3 53. g7 a2 54. Rg1 1-0


[Site "https://www.chess.com"]

[Event "Titled Tuesday Blitz September 28 2021"]
[White "Weetik, Vjacheslav"]
[Black "Terletsky, Oleg"]
[WhiteFideId "4153472"]
[BlackFideId "14116774"]
[WhiteElo "2469"]
[BlackElo "2086"]
[Result "1-0"]
[Round "04"]
[TimeControl "180+1"]
[Date "2021.09.28"]
[WhiteClock "0:02:02"]
[BlackClock "0:02:29"]

1. d4 Nf6 2. Bf4 g6 3. e3 Bg7 4. Nf3 O-O 5. Be2 d5 6. Nbd2 c5 7. c3 Nc6 8. dxc5 Nd7 9. Nb3 e6 10. Bd6 Re8 11. O-O a5 12. a4 Nf6 13. Nbd2 1-0


[Site "https://www.chess.com"]